Map: Ascension to Aiur LE

Players

SHreddedWInd - Winner!

  • Race: Protoss Protoss
  • League: Diamond
  • Spawn Location: 5:00

Yata

  • Race: Zerg Zerg
  • League: Platinum
  • Spawn Location: 11:00

VOD

Have the link to the VOD?

Description

Time

  • Played on: Oct. 7, 2017, 7:16 p.m.
  • Length: 9:25
Show
View Real Time Build Order
Export as new Build Order

SHreddedWInd Protoss - Winner!

Build Orders:  

Get SALT Encoding   

  12  0:01  Probe (Chrono Boost)  
  13  0:11  Probe (Chrono Boost)  
  14  0:19  Pylon  
  14  0:22  Probe (Chrono Boost)  
  15  0:38  Gateway, Probe (Chrono Boost)  
  16  0:43  Assimilator  
  16  0:48  Probe (Chrono Boost)  
  17  0:59  Probe (Chrono Boost)  
  18  1:09  Probe (Chrono Boost)  
  19  1:20  Probe (Chrono Boost)  
  20  1:25  Cybernetics Core  
  20  1:30  Assimilator, Probe (Chrono Boost)  
  21  1:36  Pylon  
  21  1:41  Probe (Chrono Boost)  
  22  1:49  Gateway  
  22  1:52  Probe (Chrono Boost)  
  23  2:02  Warp Gate (Chrono Boost), Stalker  
  23  2:06  Probe  
  27  2:24  Mothership Core  
  28  2:32  Stalker  
  30  2:45  Nexus  
  30  2:55  Pylon  
  30  2:57  Probe  
  31  3:13  Stalker x2, Probe  
  36  3:31  Pylon  
  36  3:35  Robotics Facility  
  36  3:38  Gateway  
  36  3:40  Pylon  
  36  3:41  Probe  
  37  3:58  Probe  
  37  3:59  Probe  
  39  4:08  Probe  
  39  4:09  Stalker  
  41  4:10  Stalker  
  41  4:11  Probe  
  45  4:19  Probe  
  45  4:24  Probe  
  47  4:26  Immortal (Chrono Boost)  
  47  4:30  Probe  
  51  4:34  Sentry  
  51  4:35  Sentry  
  51  4:36  Probe  
  57  4:41  Stalker  
  57  4:42  Probe  
  60  4:48  Probe  
  61  4:53  Probe  
  61  4:58  Stalker  
  61  4:59  Stalker  
  66  5:00  Probe  
  67  5:10  Pylon, Probe  
  67  5:14  Probe  
  67  5:29  Immortal (Chrono Boost)  
  67  5:31  Probe x2  
  67  5:34  Assimilator  
  73  5:37  Assimilator  
  73  5:39  Stalker  
  73  5:40  Stalker  
  77  5:44  Probe  
  77  5:46  Pylon  
  78  5:51  Pylon  
  78  6:02  Nexus  
  78  6:03  Probe  
  78  6:06  Gateway  
  78  6:08  Gateway  
  78  6:09  Pylon  
  79  6:16  Warp Prism (Chrono Boost)  
  81  6:22  Sentry x3  
  81  6:24  Probe  
  81  6:41  Probe  
  81  6:45  Stalker x3  
  87  6:53  Probe  
  88  6:57  Probe  
  89  7:05  Probe  
  89  7:08  Probe  
  90  7:13  Pylon  
  91  7:15  Probe  
  91  7:17  Probe  
  91  7:18  Probe  
  94  7:29  Probe  
  95  7:43  Probe x2  
  95  7:44  Probe  
  95  7:48  Immortal (Chrono Boost)  
  95  7:51  Sentry x2  
  104  7:52  Adept x2, Sentry  
  104  7:53  Probe  
  104  7:56  Probe  
  114  8:15  Adept x4  
  114  8:17  Adept  
  96  8:42  Stalker x3  
  96  8:43  Adept x2  
  102  8:56  Gateway x2  
  102  8:58  Gateway  
  102  9:00  Gateway  
  102  9:02  Gateway  
  86  9:03  Zealot x2  
  86  9:05  Zealot  
  86  9:06  Zealot x2  
  88  9:22  Assimilator  
Show
View Real Time Build Order
Export as new Build Order

Yata Zerg 

Build Orders: Hatch First 

Get SALT Encoding   

  12  0:01  Drone  
  13  0:08  Drone  
  14  0:16  Overlord  
  14  0:35  Drone x3  
  17  0:54  Hatchery  
  17  0:56  Drone  
  17  0:59  Drone  
  18  1:11  Extractor  
  17  1:14  Spawning Pool  
  17  1:17  Drone  
  17  1:21  Drone  
  18  1:29  Drone  
  19  1:39  Overlord  
  19  1:52  Drone  
  20  2:01  Queen  
  20  2:06  Queen  
  20  2:07  Zergling x2  
  20  2:08  Zergling x2  
  26  2:13  Metabolic Boost  
  26  2:16  Drone  
  26  2:20  Drone  
  28  2:31  Overlord  
  28  2:32  Overlord  
  28  2:39  Baneling Nest  
  28  2:42  Evolution Chamber  
  26  2:49  Drone x3  
  29  2:53  Drone  
  30  3:00  Drone  
  31  3:09  Drone  
  31  3:10  Drone  
  31  3:11  Drone x2  
  31  3:12  Drone x2  
  37  3:15  Drone  
  37  3:17  Drone  
  37  3:19  Drone  
  40  3:24  Zerg Melee Weapons Level 1  
  40  3:30  Overlord  
  40  3:35  Drone  
  41  3:52  Drone  
  41  3:55  Zergling x12  
  47  3:57  Hatchery  
  47  4:00  Baneling x2  
  47  4:01  Baneling x2  
  47  4:28  Drone x5  
  52  4:32  Pneumatized Carapace  
  52  4:34  Overlord  
  52  4:35  Overlord x2  
  52  4:57  Drone x7  
  52  4:58  Drone  
  62  5:02  Extractor, Drone  
  62  5:04  Drone x2  
  64  5:10  Lair  
  60  5:22  Drone x3  
  60  5:23  Drone x2  
  65  5:43  Extractor  
  65  5:46  Queen  
  66  5:50  Extractor, Drone x2  
  66  5:51  Drone  
  66  5:54  Baneling  
  66  5:55  Baneling x3  
  68  5:59  Zergling x10  
  73  6:10  Hydralisk Den  
  72  6:13  Extractor, Drone x2  
  73  6:29  Zergling x6  
  73  6:30  Zergling x8  
  80  6:33  Baneling x5  
  80  6:35  Zerg Melee Weapons Level 2  
  78  6:45  Zergling x2  
  78  6:46  Zergling x2  
  80  6:49  Overlord  
  80  6:50  Overlord x3  
  80  6:51  Muscular Augments  
  80  6:55  Centrifical Hooks  
  80  7:09  Hydralisk x4  
  87  7:24  Zergling x2  
  87  7:25  Zergling x14  
  95  7:36  Zergling x2  
  95  7:37  Zergling x2  
  94  7:45  Baneling x6  
  94  7:51  Hydralisk  
  94  7:55  Overlord x2  
  94  7:56  Overlord x4  
  96  8:06  Hydralisk  
  97  8:13  Overlord x4  
  97  8:17  Hydralisk x6  
  100  8:27  Zergling x6  
  100  8:28  Zergling x8  
  106  8:34  Overseer  
  106  8:35  Overseer  
  106  8:39  Zergling x2  
  106  8:40  Zergling x6  
  88  8:56  Zergling x10  
  88  8:57  Zergling x2  
  88  9:02  Zergling x4  
  83  9:03  Zergling x14  
Tags
 
Add a new tag
Caveats
  • Supply blocks, unpowered buildings, or Contaminate may cause inaccurate times.
  • Supply counts are checked every 10 seconds.